 Dungeon Crawl Stone Soup version 0.28-a0-247-gb8bfbab023 (webtiles) character file.

Game seed: 8535552001785718807

39 Whiskey the Insei (level 3, -2/24 HPs)
             Began as an Octopode Transmuter on Aug 20, 2021.
             Slain by a goblin (6 damage)
             ... led by Robin
             ... on level 2 of the Dungeon on Aug 25, 2021.
             The game lasted 00:03:19 (1461 turns).

Whiskey the Insei (Octopode Transmuter)             Turns: 1461, Time: 00:03:19

Health: -2/24      AC:  1    Str: 10    XL:     3   Next: 45%
Magic:  6/6        EV: 13    Int: 15    God:
Gold:   73         SH:  0    Dex: 12    Spells: 5/6 levels left

rFire   . . .      SeeInvis .     - Unarmed
rCold   . . .      Faith    .   (no shield)
rNeg    . . .      Spirit   .   (helmet restricted)
rPois   .          Reflect  .   (no amulet)
rElec   .          Harm     .   b - ring of willpower
rCorr   .          Rampage  .   (no ring)
Will    +....                   (no ring)
Stlth   +++.......              (no ring)
HPRegen 0.08/turn               (no ring)
MPRegen 0.10/turn               (no ring)
                                (no ring)
                                (no ring)

@: no status effects
A: almost no armour, amphibious, 8 rings, camouflage 1, gelatinous body 1,
(nimble swimmer 1), tentacles
a: no special abilities


You were on level 2 of the Dungeon.
You visited 1 branch of the dungeon, and saw 2 of its levels.

You collected 73 gold pieces.

Inventory:

Magical Staves
 c - a staff of fire {rF+}
   (You found it on level 1 of the Dungeon)
Jewellery
 b - a ring of willpower (left tentacle)
   (You found it on level 1 of the Dungeon)
Wands
 e - a wand of mindburst (14)
   (You found it on level 2 of the Dungeon)
Scrolls
 d - a scroll of silence {unknown}
Potions
 a - a potion of heal wounds {unknown}


   Skills:
 + Level 1.9 Fighting
 - Level 2.0 Dodging
 - Level 3.0 Stealth
 + Level 3.1 Unarmed Combat
 - Level 2.0 Spellcasting
 + Level 2.2 Transmutations


You had 5 spell levels left.
You knew the following spells:

 Your Spells              Type           Power      Damage    Failure   Level
a - Beastly Appendage     Tmut           16%        N/A       9%          1

Your spell library contained the following spells:

 Spells                   Type           Power      Damage    Failure   Level
 Wereblood                Tmut           8%         N/A       13%         2
 Spider Form              Tmut/Pois      2%         N/A       38%         3
 Ice Form                 Ice/Tmut       4%         N/A       80%         4


Dungeon Overview and Level Annotations

Branches:
Dungeon (2/15)

Altars:

Annotations:
D:2 Robin


Innate Abilities, Weirdness & Mutations

You cannot wear most types of armour.
You are amphibious.
You can wear up to eight rings at the same time.
Your skin changes colour to match your surroundings (Stealth+).
Your rubbery body absorbs attacks. (AC +1, EV +1)
((You are camouflaged near water. (Stealth+)))
You have tentacles for arms and can constrict up to eight enemies at once.


Message History

You kill the hobgoblin!
No target in view!
No target in view!
No target in view!
No target in view!
No target in view!
No target in view!
No target in view!
No target in view!
No target in view!
No target in view! 2 goblins come into view.
Health restored: 24 A goblin comes into view.
It is wielding a +0 club.
The goblin hits you but does no damage.
You barely miss the goblin. Your grab misses the goblin.
Your squeeze misses the goblin. The goblin hits you with a +0 club.
You take 4 damage, and have 20/24 hp.
You closely miss the goblin. Your grab misses the goblin.
You squeeze the goblin.
The goblin shouts!
You hear a shout!
Robin of the Strong Arm comes into view.
They are wielding a +4 falchion.
A hobgoblin comes into view.
The goblin hits you but does no damage.
You hear a shout!
The hobgoblin shouts!
You tentacle-slap the goblin.
You kill the goblin!
You hear a shout! x2
Robin roars a battlecry!
The goblins go into a battle-frenzy!
A hobgoblin comes into view.
An endoplasm and a hobgoblin come into view.
A goblin comes into view. It is wielding a +0 club.
A hobgoblin comes into view.
The goblin completely misses you.
The endoplasm moves out of view.
Things that are here:
a +0 club; a goblin corpse You closely miss the goblin.
The hobgoblin shouts!
Your grab misses the goblin.
A goblin comes into view. It is wielding a +0 dagger.
The goblin misses you.
You tentacle-slap the goblin. Your grab misses the goblin.
The goblin closely misses you.
You tentacle-slap the goblin. Your grab misses the goblin.
You squeeze the goblin.
You kill the goblin!
A goblin comes into view. It is wielding a +0 dagger.
You barely miss the hobgoblin. Your grab misses the hobgoblin.
A goblin comes into view. It is wielding a +0 club.
You closely miss the hobgoblin.
The goblin shouts!
Your grab misses the hobgoblin.
You tentacle-slap the hobgoblin but do no damage.
You grab the hobgoblin. You squeeze the hobgoblin.
You constrict the hobgoblin, but do no damage.
The hobgoblin hits you.
You take 1 damage, and have 19/24 hp.
You tentacle-slap the hobgoblin.
You kill the hobgoblin!
The goblin hits you with a +0 club!
You take 6 damage, and have 13/24 hp.
MASSIVE DAMAGE!!
You tentacle-slap the goblin but do no damage.
You grab the goblin. You constrict the goblin.
The goblin struggles to escape constriction.
You tentacle-slap the goblin.
You kill the goblin!
Training target 3.0 for Stealth reached!
Your Stealth skill increases to level 3!
You barely miss the hobgoblin. You grab the hobgoblin.
You squeeze the hobgoblin.
You kill the hobgoblin!
You bludgeon the goblin!
You kill the goblin!
You miss the goblin. You grab the goblin.
You squeeze the goblin, but do no damage.
You constrict the goblin. Robin throws the goblin at you!
The goblin barely misses you. The goblin closely misses you.
You are too injured to fight recklessly!
You are too injured to fight recklessly!
You are too injured to fight recklessly!
You are too injured to fight recklessly!
You are too injured to fight recklessly!
You take 2 damage, and have 11/24 hp.
You are too injured to fight recklessly!
You are too injured to fight recklessly!
You are too injured to fight recklessly!
You tentacle-slap the goblin.
You kill the goblin!
You constrict the goblin. The goblin closely misses you.
You release your grip on the goblin.
Robin throws the goblin at you! The goblin hits you with a +0 club.
* * * LOW HITPOINT WARNING * * *
You see here a +0 dagger.
You take 7 damage, and have 4/24 hp.
MASSIVE DAMAGE!!
You tentacle-slap the goblin but do no damage.
You grab the goblin. You constrict the goblin.
The goblin hits you with a +0 club.
You die...

...............###.......#
.....#>).................#
.....#.........###...†...#
.....#.........# #.......#
.....#.........# #.......#
#.............## #.......#
#.#####......## #.......#
.# ######..########### .#
##.g@g# ####.)Jg# ####g#
g. ... .. .


You could see Robin, an endoplasm, 2 hobgoblins and 2 goblins.

Vanquished Creatures
  3 ball pythons
  5 endoplasms (D:1)
  2 giant cockroaches (D:1)
  7 goblins
  4 hobgoblins
  3 jackals (D:1)
  A quokka (D:1)
  A bat (D:1)
  2 frilled lizards
  A kobold (D:2)
  2 rats
31 creatures vanquished.

Notes
Turn   | Place    | Note
-------+----------+-------------------------------------------
     0 | D:1      | Whiskey the Octopode Transmuter began the quest for the
                  | Orb.
     0 | D:1      | Reached XP level 1. HP: 13/13 MP: 3/3
     0 | D:1      | Upgraded the game from 0.28-a0-206-gc2c9e32840 to
                  | 0.28-a0-247-gb8bfbab023
   137 | D:1      | Reached skill level 1 in Stealth
   338 | D:1      | Found a faded altar of an unknown god.
   395 | D:1      | Reached XP level 2. HP: 7/18 MP: 5/5
   569 | D:1      | Reached skill level 2 in Stealth
  1256 | D:2      | Reached XP level 3. HP: 19/23 MP: 6/6
  1444 | D:2      | Noticed Robin
  1456 | D:2      | Reached skill level 3 in Stealth
  1460 | D:2      | HP: 4/24 [goblin[Robin] (6)]
  1461 | D:2      | Slain by a goblin

Illustrated notes

Levels and vault maps discovered:
D:1:      lemuel_arrival_room, layout_loops_ring,
          shapermc_ecumenical_altar_notcrosses
D:2:      layout_rooms, basic_altar, uniq_robin

Skill      XL: |  1  2  3 |
---------------+----------+-----
Stealth        | 1 2 3 |  3.0
Fighting       | |  1.9
Dodging        | |  2.0
Unarmed Combat | |  3.1
Spellcasting   | |  2.0
Transmutations | |  2.2

Action                   || total
-------------------------++-------
Melee: Unarmed           ||    70
       Tentacles         ||    18
       Constrict         ||    18
       Punch             ||     1
 Stab: Sleeping          ||     4
       Distracted        ||     1
Armor: Skin              ||     7
Dodge: Dodged            ||    36

Table legend: (Time is in decaauts)
 A = Elapsed time spent in this place.
 B = Non-inter-level travel time spent in this place.
 C = Inter-level travel time spent in this place.
 D = Time resting spent in this place.
 E = Time spent auto-exploring this place.
 F = Levels seen in this place.
 G = Mean time per level.
                   A        B        C        D        E       F      G
               +--------+--------+--------+--------+--------+-----+--------+
         Total |   1458 |   1417 |     41 |    502 |    739 |   2 |  729.0 |
       Dungeon |   1458 |   1417 |     41 |    502 |    739 |   2 |  729.0 |
               +--------+--------+--------+--------+--------+-----+--------+

Top non-repeatable levels by time:
     D:1: 1025 daAuts
     D:2: 433 daAuts

Table legend:
 A = Kills in this place as a percentage of kills in entire the game.
 B = Kills by you in this place as a percentage of kills by you in the entire game.
 C = Kills by friends in this place as a percentage of kills by friends in the entire game.
 D = Other kills in this place as a percentage of other kills in the entire game.
 E = Experience gained in this place as a percentage of experience gained in the entire game.
 F = Experience gained in this place divided by the number of levels of this place that you have seen.
                   A       B       C       D       E      F
               +-------+-------+-------+-------+-------+----------------------
         Total | 100.0 | 100.0 |   N/A |   N/A | 100.0 |  28.0
       Dungeon | 100.0 | 100.0 |   N/A |   N/A | 100.0 |  28.0
               +-------+-------+-------+-------+-------+----------------------
